Map: [ESL] Blackburn

Players

Zoun

  • Race: Protoss Protoss

Reynor - Winner!

  • Race: Zerg Zerg

Event: IEM Katowice 2022

VOD

Have the link to the VOD?

Description

Time

  • Played on: Feb. 25, 2022, 11:08 a.m.
  • Length: 14:43

All games in this series

Show
View Real Time Build Order
Export as new Build Order

Zoun Protoss 

Build Orders: 1 Gate Expand, Oracle Opening 

Get SALT Encoding   

  12  0:00  Probe  
  13  0:12  Probe  
  14  0:19  Pylon  
  14  0:24  Probe  
  15  0:37  Probe (Chrono Boost)  
  15  0:40  Gateway  
  16  0:47  Probe (Chrono Boost)  
  16  0:49  Assimilator  
  17  0:52  Probe (Chrono Boost)  
  19  1:04  Probe  
  19  1:16  Probe  
  20  1:26  Nexus  
  20  1:37  Cybernetics Core  
  21  1:40  Probe  
  21  1:46  Assimilator  
  21  1:52  Probe  
  22  1:55  Pylon  
  22  2:04  Probe  
  23  2:12  Adept (Chrono Boost)  
  25  2:16  Probe  
  25  2:19  Stargate  
  26  2:26  Warp Gate  
  26  2:28  Probe (Chrono Boost)  
  27  2:34  Adept  
  29  2:38  Probe (Chrono Boost)  
  29  2:40  Probe (Chrono Boost)  
  31  2:47  Probe (Chrono Boost)  
  31  2:49  Probe (Chrono Boost)  
  33  2:53  Probe (Chrono Boost)  
  33  2:54  Void Ray (Chrono Boost)  
  33  2:58  Probe  
  39  3:07  Pylon, Probe  
  39  3:11  Probe  
  41  3:16  Gateway  
  41  3:19  Probe  
  42  3:25  Probe  
  43  3:29  Oracle (Chrono Boost)  
  43  3:31  Probe  
  47  3:43  Probe  
  48  3:53  Probe  
  48  3:54  Nexus  
  49  3:57  Pylon  
  49  3:58  Probe  
  50  4:05  Assimilator  
  50  4:07  Assimilator  
  50  4:09  Probe  
  51  4:12  Stargate  
  51  4:17  Pylon, Probe  
  51  4:20  Protoss Air Weapons Level 1  
  51  4:21  Shield Battery  
  51  4:22  Probe  
  53  4:29  Probe  
  53  4:30  Forge  
  54  4:32  Void Ray (Chrono Boost)  
  54  4:35  Probe  
  55  4:42  Probe  
  60  4:47  Probe  
  61  4:53  Pylon  
  61  4:54  Probe  
  61  4:57  Void Ray (Chrono Boost)  
  67  5:00  Probe (Chrono Boost)  
  67  5:03  Void Ray (Chrono Boost)  
  67  5:05  Probe (Chrono Boost)  
  69  5:12  Probe x2 (Chrono Boost)  
  74  5:15  Robotics Facility  
  74  5:17  Probe (Chrono Boost)  
  74  5:20  Probe x2 (Chrono Boost)  
  76  5:24  Probe  
  78  5:30  Probe x2  
  78  5:32  Assimilator x2  
  78  5:33  Pylon  
  80  5:37  Probe  
  81  5:43  Probe x2  
  81  5:48  Fleet Beacon  
  81  5:49  Probe  
  84  5:55  Probe x2  
  86  6:02  Stargate  
  86  6:03  Robotics Bay  
  86  6:04  Probe  
  86  6:07  Probe  
  88  6:13  Photon Cannon  
  88  6:15  Photon Cannon  
  88  6:17  Observer  
  89  6:20  Pylon  
  89  6:21  Probe x2  
  91  6:27  Probe  
  92  6:33  Probe  
  92  6:37  Nexus  
  92  6:38  Pylon, Observer  
  94  6:44  Probe x2  
  94  6:47  Carrier x2 (Chrono Boost)  
  108  6:54  Observer  
  108  6:56  Probe x2  
  108  6:57  Carrier (Chrono Boost)  
  115  7:02  Shield Battery  
  115  7:05  Photon Cannon  
  115  7:09  Pylon  
  115  7:11  Pylon  
  115  7:21  Shield Battery  
  115  7:23  Shield Battery  
  115  7:24  Shield Battery  
  115  7:25  Photon Cannon  
  115  7:26  Photon Cannon  
  115  7:27  Shield Battery  
  115  7:28  Photon Cannon  
  115  7:29  Zealot  
  117  7:34  Sentry  
  117  7:36  Photon Cannon  
  112  7:51  Carrier (Chrono Boost)  
  112  7:54  Void Ray x2 (Chrono Boost)  
  126  8:02  Shield Battery  
  126  8:07  Zealot  
  126  8:14  Shield Battery  
  126  8:18  Disruptor (Chrono Boost)  
  116  8:29  Robotics Facility  
  116  8:32  Pylon  
  109  8:38  Flux Vanes  
  104  8:42  Probe x2  
  104  8:44  Void Ray x2 (Chrono Boost)  
  108  9:00  Pylon x3  
  108  9:07  Shield Battery  
  108  9:12  Shield Battery  
  108  9:15  Shield Battery  
  108  9:17  Pylon  
  108  9:18  Disruptor  
  108  9:19  Void Ray  
  111  9:27  Probe x2  
  117  9:37  Shield Battery  
  117  9:38  Observer  
  109  9:46  Nexus  
  109  9:51  Probe x2  
  114  9:53  Disruptor  
  114  9:57  Void Ray x2 (Chrono Boost)  
  122  10:08  Observer  
  122  10:11  Observer  
  121  10:15  Probe x2  
  123  10:22  Pylon  
  123  10:26  Void Ray (Chrono Boost)  
  123  10:27  Probe x2  
  129  10:39  Void Ray x2 (Chrono Boost)  
  126  10:51  Disruptor  
  127  11:10  Probe  
  124  11:12  Disruptor  
  124  11:15  Void Ray x2  
  125  11:31  Void Ray  
  125  11:33  Observer  
  117  11:50  Nexus  
  117  11:52  Void Ray  
  117  11:56  Void Ray  
  117  11:58  Observer  
  125  12:17  Nexus  
  125  12:18  Observer  
  125  12:25  Pylon  
  125  12:37  Assimilator  
  125  12:41  Assimilator  
  125  12:43  Shield Battery  
  125  12:45  Pylon  
  125  12:53  Photon Cannon  
  125  13:00  Probe x2  
  127  13:06  Probe  
  127  13:12  Probe x2  
  130  13:13  Void Ray  
  130  13:18  Probe  
  135  13:23  Void Ray  
  124  13:37  Twilight Council  
  124  13:41  Probe x3  
  121  13:43  Assimilator  
  121  13:45  Assimilator  
  121  13:51  Zealot x2  
  121  13:52  Void Ray  
  123  13:57  Probe x2  
  128  14:03  Probe x2  
  128  14:09  Probe  
  135  14:13  Templar Archives  
  135  14:22  Probe x2  
  137  14:29  Stalker x2  
Show
View Real Time Build Order
Export as new Build Order

Reynor Zerg - Winner!

Build Orders: Hatch First 

Get SALT Encoding   

  12  0:00  Drone  
  13  0:12  Overlord  
  13  0:16  Drone  
  14  0:30  Drone x2  
  16  0:41  Drone  
  17  0:52  Hatchery  
  17  0:55  Drone  
  17  0:58  Drone  
  18  1:11  Extractor  
  17  1:15  Spawning Pool  
  17  1:16  Drone  
  17  1:20  Drone  
  18  1:27  Drone  
  19  1:38  Drone  
  20  1:49  Overlord  
  20  2:01  Queen  
  20  2:03  Drone, Queen  
  20  2:04  Drone  
  26  2:16  Zergling x4  
  26  2:21  Drone  
  29  2:25  Drone  
  30  2:31  Metabolic Boost  
  30  2:32  Drone  
  30  2:35  Drone  
  32  2:40  Hatchery  
  31  2:47  Queen  
  33  2:52  Overlord  
  33  2:54  Zergling x2  
  33  2:56  Drone  
  35  2:59  Drone  
  36  3:10  Queen  
  36  3:12  Drone x3  
  41  3:15  Overlord  
  41  3:18  Drone  
  42  3:20  Drone  
  42  3:22  Drone  
  44  3:31  Overlord  
  44  3:34  Drone  
  44  3:37  Queen  
  44  3:39  Drone  
  48  3:43  Drone  
  48  3:48  Queen  
  51  3:49  Drone  
  51  3:51  Drone  
  51  3:54  Queen  
  51  3:55  Spore Crawler  
  53  3:56  Drone  
  53  3:57  Drone  
  53  4:00  Drone  
  56  4:03  Zergling x4  
  56  4:07  Overlord  
  56  4:09  Drone  
  59  4:11  Drone  
  59  4:13  Drone x2  
  59  4:16  Drone  
  64  4:17  Drone  
  64  4:18  Drone  
  65  4:24  Lair  
  65  4:26  Drone x2, Extractor  
  66  4:32  Drone  
  66  4:33  Roach Warren, Drone  
  66  4:35  Drone  
  66  4:36  Drone  
  69  4:38  Overlord  
  69  4:40  Drone  
  69  4:43  Drone x2  
  71  4:45  Drone  
  71  4:51  Overlord  
  71  4:52  Drone x2  
  74  4:56  Drone  
  74  4:57  Drone  
  74  4:59  Evolution Chamber, Extractor x2  
  73  5:01  Drone x2  
  73  5:03  Drone x3  
  73  5:06  Overlord  
  78  5:11  Drone x4  
  82  5:14  Extractor  
  82  5:15  Extractor, Pneumatized Carapace  
  82  5:21  Queen  
  79  5:23  Overlord  
  79  5:27  Zerg Missile Weapons Level 1, Drone  
  79  5:28  Drone x3  
  85  5:39  Overseer x3  
  85  5:42  Drone x2  
  87  5:43  Overlord  
  87  5:44  Hatchery  
  86  5:51  Queen  
  86  5:53  Overlord  
  86  5:55  Glial Reconstitution  
  88  5:58  Queen  
  88  5:59  Queen  
  92  6:05  Drone x2  
  92  6:06  Spore Crawler  
  92  6:09  Overlord  
  93  6:14  Overlord  
  92  6:21  Roach  
  92  6:22  Roach x8  
  92  6:23  Drone x2  
  112  6:26  Overlord  
  112  6:31  Roach  
  112  6:32  Roach x2  
  118  6:36  Queen  
  118  6:37  Queen  
  122  6:44  Roach x3  
  122  6:46  Overlord  
  128  6:49  Roach  
  128  6:51  Queen  
  132  6:55  Overlord  
  132  6:57  Roach  
  132  7:00  Roach x2  
  138  7:04  Roach x3  
  138  7:07  Roach  
  146  7:09  Overlord  
  146  7:13  Ravager x8  
  146  7:14  Ravager  
  155  7:16  Roach  
  155  7:18  Roach x2  
  161  7:23  Ravager x2  
  161  7:28  Roach x2, Zergling x14  
  174  7:30  Overlord  
  174  7:35  Ravager x2  
  175  7:37  Zergling x2  
  175  7:39  Overlord  
  174  7:49  Queen x2  
  174  7:55  Roach x6  
  174  7:58  Overlord  
  174  8:03  Roach x3, Zergling x10  
  181  8:06  Queen  
  181  8:07  Spire  
  181  8:10  Roach x2  
  182  8:13  Roach  
  182  8:15  Overlord  
  182  8:19  Drone x2  
  186  8:20  Drone x3  
  186  8:21  Extractor  
  186  8:22  Extractor  
  186  8:23  Overlord  
  185  8:28  Drone  
  185  8:29  Overlord  
  185  8:34  Queen  
  186  8:35  Drone x2, Queen  
  186  8:37  Overlord  
  192  8:42  Overlord  
  192  8:45  Queen x2  
  187  9:20  Corruptor x6  
  199  9:26  Zerg Flyer Weapons Level 1  
  197  9:33  Corruptor x2  
  195  9:38  Corruptor x2  
  195  9:39  Corruptor  
  197  9:49  Corruptor x3  
  197  9:55  Infestation Pit  
  197  9:56  Corruptor x4  
  196  10:01  Corruptor  
  196  10:02  Hatchery  
  196  10:03  Queen  
  199  10:19  Zerg Missile Weapons Level 2  
  168  10:47  Corruptor x8  
  182  10:54  Zergling x18  
  182  10:55  Hive  
  182  10:56  Queen x2  
  185  11:13  Corruptor x4  
  187  11:20  Queen  
  187  11:21  Corruptor  
  187  11:22  Corruptor  
  182  11:27  Drone x10  
  182  11:31  Queen  
  182  11:32  Queen  
  190  11:34  Corruptor x3  
  184  11:40  Corruptor  
  184  11:42  Queen  
  184  11:43  Corruptor  
  186  11:49  Corruptor  
  186  11:53  Drone x2  
  190  11:56  Queen, Corruptor x2  
  190  11:57  Extractor  
  190  11:58  Extractor  
  179  12:03  Zergling x14  
  179  12:06  Viper  
  189  12:15  Spore Crawler  
  188  12:16  Spore Crawler, Viper  
  188  12:17  Spore Crawler  
  188  12:20  Zergling x10  
  194  12:23  Viper  
  194  12:27  Drone x2  
  199  12:36  Overseer  
  199  12:41  Zerg Melee Weapons Level 1  
  199  12:42  Evolution Chamber  
  198  12:54  Drone  
  198  12:55  Ultralisk Cavern  
  198  13:03  Hatchery  
  168  13:40  Corruptor x4  
  169  13:43  Ultralisk x4  
  169  13:45  Zergling x12  
  199  14:25  Extractor  
  199  14:28  Extractor  

Tags
 
Add a new tag
Caveats
  • Supply blocks, unpowered buildings, or Contaminate may cause inaccurate times.
  • Supply counts are checked every 10 seconds.